[Event "FIDE World Cup O10-B 2024"]
[Site "Batumi"]
[Date "2024.06.24"]
[Round "2.8"]
[White "Makhsatuly, Rakhim"]
[Black "Shen, Houlin"]
[Result "0-1"]
[ECO "B66"]
[WhiteElo "1630"]
[BlackElo "1583"]
[Annotator "NA RC"]
[PlyCount "72"]
[EventDate "2024.06.23"]
[EventType "swiss"]
[EventCountry "GEO"]
[SourceTitle "playchess.com"]
[Source "ChessBase"]
[SourceQuality "1"]
[TimeControl "5400+30"]

1. e4 c5 2. Nf3 Nc6 3. d4 cxd4 4. Nxd4 Nf6 5. Nc3 d6 6. Bg5 e6 7. Qd2 a6 8. Nxc6 bxc6 9. Bc4 Be7 10. O-O-O d5 11. exd5 cxd5 12. Bxf6 Bxf6 13. Nxd5 exd5 14. Bxd5 Qb6 15. c3 Ra7 16. Rhe1+ Be6 17. Bxe6 fxe6 18. Qd6 Qxd6 19. Rxd6 Bg5+ 20. Kc2 O-O 21. f3 e5 22. b4 Rc8 23. Kb3 a5 24. a4 Rac7 25. Rd3 Bf6 26. b5 e4 27. Rxe4 Rxc3+ 28. Rxc3 Rxc3+ 29. Ka2 Rc2+ 30. Kb3 Rxg2 31. Kc4 Rb2 32. Kc5 Kf7 33. Kc6 Rb4 34. Kd6 g5 35. Rxb4 axb4 36. b6 Bd4 0-1

[Event "FIDE World Cup O10-B 2024"]
[Site "Batumi"]
[Date "2024.06.24"]
[Round "2.9"]
[White "Muhammad Shayan Noushad Ibrahi"]
[Black "Kiringoda, Thehas Rithmitha"]
[Result "1-0"]
[ECO "B22"]
[WhiteElo "1785"]
[BlackElo "1641"]
[Annotator "NA RC"]
[PlyCount "121"]
[EventDate "2024.06.23"]
[EventType "swiss"]
[EventCountry "GEO"]
[SourceTitle "playchess.com"]
[Source "ChessBase"]
[SourceQuality "1"]
[TimeControl "5400+30"]

1. e4 c5 2. Nf3 Nc6 3. c3 d5 4. exd5 Qxd5 5. d4 Bg4 6. Be2 e6 7. O-O Nf6 8. Be3 cxd4 9. cxd4 Be7 10. Nc3 Qd8 11. Qb3 Qc8 12. Rac1 Bd6 13. Rfd1 O-O 14. Bg5 Nh5 15. d5 exd5 16. Nxd5 h6 17. Be7 Re8 18. Bxd6 Rxe2 19. Ne7+ Rxe7 20. Bxe7 Nf4 21. Qe3 Qf5 22. Rc5 Nh3+ 23. Kh1 Qe6 24. Qxe6 fxe6 25. Bh4 Nf4 26. Bg3 Nd5 27. h3 Bh5 28. Rd3 Rf8 29. Kg1 Bxf3 30. Rxf3 Rd8 31. Rd3 Kf7 32. a3 a5 33. f4 g6 34. Rb3 Rd7 35. Rd3 Rd8 36. h4 h5 37. Be1 Ra8 38. Rb3 Nce7 39. Rxb7 a4 40. g3 Ra6 41. Bf2 Kf6 42. Bd4+ Kf7 43. Rc4 Ke8 44. Ra7 Rd6 45. Raxa4 Rd8 46. Ra7 Nf5 47. Bf2 Nf6 48. Rc6 Ng4 49. Rxe6+ Kf8 50. Bc5+ Kg8 51. Rxg6+ Kh8 52. Bb4 Rd1+ 53. Kg2 Nd4 54. Re7 Rc1 55. Bc3 Rc2+ 56. Kg1 Rc1+ 57. Re1 Kh7 58. Rxc1 Ne2+ 59. Kf1 Nxc1 60. Rg5 Kh6 61. Bg7+ 1-0

[Event "FIDE World Cup O10-B 2024"]
[Site "Batumi"]
[Date "2024.06.24"]
[Round "2.10"]
[White "Lazarev, Egor"]
[Black "Jibladze, Nikoloz"]
[Result "1/2-1/2"]
[ECO "B06"]
[WhiteElo "1683"]
[BlackElo "1612"]
[Annotator "NA RC"]
[PlyCount "74"]
[EventDate "2024.06.23"]
[EventType "swiss"]
[EventCountry "GEO"]
[SourceTitle "playchess.com"]
[Source "ChessBase"]
[SourceQuality "1"]
[TimeControl "5400+30"]

1. d4 g6 2. e4 Bg7 3. Nc3 d6 4. f4 Na6 5. Be3 Nf6 6. h3 O-O 7. Qd2 c6 8. Nf3 b5 9. a3 Nc7 10. Bd3 Bb7 11. O-O d5 12. e5 Nd7 13. b4 Nb6 14. Qf2 Nc4 15. Bxc4 dxc4 16. g4 f6 17. Kh2 Bc8 18. Qg3 Nd5 19. Nxd5 Qxd5 20. Nd2 fxe5 21. fxe5 Bb7 22. c3 Rxf1 23. Rxf1 a5 24. Qf3 Qxf3 25. Nxf3 axb4 26. axb4 Ra3 27. Bd2 Ra2 28. Kg3 c5 29. bxc5 Bxf3 30. Kxf3 Rxd2 31. Ra1 Bxe5 32. Ra8+ Kf7 33. dxe5 Rd5 34. c6 Rc5 35. Ra6 Rxe5 36. Kf4 Rc5 37. Ke4 Ke6 1/2-1/2

[Event "FIDE World Cup O10-B 2024"]
[Site "Batumi"]
[Date "2024.06.24"]
[Round "2.11"]
[White "Kazimzade, Mahammad"]
[Black "Popov, Aleksandr And"]
[Result "1-0"]
[ECO "C56"]
[WhiteElo "1594"]
[BlackElo "1661"]
[Annotator "NA RC"]
[PlyCount "65"]
[EventDate "2024.06.23"]
[EventType "swiss"]
[EventCountry "GEO"]
[SourceTitle "playchess.com"]
[Source "ChessBase"]
[SourceQuality "1"]
[TimeControl "5400+30"]

1. e4 e5 2. Nf3 Nc6 3. d4 exd4 4. Bc4 Nf6 5. e5 d5 6. Bb5 Ne4 7. Nxd4 Bd7 8. Bxc6 bxc6 9. O-O Bc5 10. f3 Ng5 11. f4 Ne4 12. Be3 Qb8 13. b3 Qb6 14. c3 a5 15. Kh1 O-O-O 16. Qd3 Kb8 17. Nd2 Nxd2 18. Qxd2 Bc8 19. Rfb1 Bxd4 20. Bxd4 c5 21. b4 Bb7 22. Bxc5 Qb5 23. a4 Qa6 24. bxa5 Qxa5 25. Rb5 Qa6 26. Rab1 Rhe8 27. Rxb7+ Qxb7 28. Rxb7+ Kxb7 29. Qb2+ Kc8 30. Qb5 Re6 31. a5 f6 32. a6 c6 33. Qb7# 1-0

[Event "FIDE World Cup O10-B 2024"]
[Site "Batumi"]
[Date "2024.06.25"]
[Round "3.1"]
[White "Modith Aaroh Mutyalapati"]
[Black "Xia, Joshua"]
[Result "1/2-1/2"]
[ECO "B86"]
[WhiteElo "1866"]
[BlackElo "2060"]
[Annotator "NA RC"]
[PlyCount "79"]
[EventDate "2024.06.23"]
[EventType "swiss"]
[EventCountry "GEO"]
[SourceTitle "playchess.com"]
[Source "ChessBase"]
[SourceQuality "1"]
[TimeControl "5400+30"]

1. e4 c5 2. Nf3 d6 3. d4 cxd4 4. Nxd4 Nf6 5. Nc3 a6 6. Bc4 e6 7. Bb3 Nbd7 8. Bg5 Nc5 {[%emt 0:03:18] 8...Qa5 is vanishing.} 9. f4 {[%emt 0:00:01] B86: Sicilian Scheveningen/Najdorf: 6 Bc4, without early ...b5.} Be7 $1 10. Qf3 {[%emt 0:00:01] 10.Qe2 deserves study.} Nfd7 $146 ({Predecessor:} 10... O-O 11. O-O-O Qc7 12. Kb1 b5 13. f5 Nxb3 14. cxb3 Bd7 15. Rc1 Qb6 16. Rhd1 Rac8 {0-1 Danin,A (2587)-Kraemer,M (2570) AUT-chT 1617 2016 (3.2)}) 11. Bxe7 Qxe7 12. O-O-O Nb6 13. Rhe1 Nxb3+ 14. axb3 O-O 15. e5 dxe5 16. Rxe5 Rd8 17. Qg3 Qf8 18. Ne4 Nd5 19. c4 Ne7 $1 20. Rh5 Ng6 $1 21. Ng5 h6 (21... f6 $17 22. Nxh7 (22. Ngxe6 Bxe6 23. Nxe6 Rxd1+ 24. Kxd1 Qd6+ 25. Rd5 Qxe6 $17) 22... Qf7) 22. Ngf3 a5 $17 23. Nc2 Rxd1+ 24. Kxd1 Qd6+ 25. Nd2 Qxf4 26. Rc5 e5 27. Rd5 Be6 28. Rd3 Rb8 29. Ne3 Kf8 30. Nd5 Qxg3 31. hxg3 Rd8 32. Nb4 Ke7 33. Nd5+ Kf8 34. Nb4 Rxd3 35. Nxd3 b6 36. c5 bxc5 37. Nxc5 Bd5 38. Nc4 Bxc4 39. bxc4 Ke7 40. Nb7 1/2-1/2

[Event "FIDE World Cup O10-B 2024"]
[Site "Batumi"]
[Date "2024.06.25"]
[Round "3.2"]
[White "Akramov, Khasan"]
[Black "Yu, Zechen"]
[Result "1/2-1/2"]
[ECO "E05"]
[WhiteElo "1718"]
[BlackElo "1889"]
[Annotator "NA RC"]
[PlyCount "96"]
[EventDate "2024.06.23"]
[EventType "swiss"]
[EventCountry "GEO"]
[SourceTitle "playchess.com"]
[Source "ChessBase"]
[SourceQuality "1"]
[TimeControl "5400+30"]

1. c4 e6 2. g3 d5 3. Bg2 Nf6 4. d4 Be7 5. Nf3 O-O 6. O-O dxc4 7. Qc2 b5 8. a4 {[%emt 0:00:34] E05: Open Catalan: 5 Nf3 Be7.} b4 9. Qxc4 Ba6 10. Qc2 Nbd7 11. Re1 c5 12. Ne5 Nxe5 13. dxe5 Nd5 14. Nd2 Rc8 15. b3 Nc3 16. Ne4 c4 17. Bb2 cxb3 18. Qxb3 Nxe2+ 19. Kh1 Nd4 20. Bxd4 Qxd4 21. Rad1 Qxe5 22. Rd7 Rc7 23. Nf6+ Bxf6 24. Rxe5 Rc1+ $17 (24... Rxd7 $19 {and Black stays clearly on top.} 25. Re3 Rfd8) 25. Rd1 Rxd1+ 26. Qxd1 Bxe5 27. Be4 g6 28. Qd7 Rc8 29. h4 Rc1+ 30. Kh2 Bc7 31. Qd4 Bb6 32. Qxb4 Rc4 33. Qe1 Rxa4 34. Bd5 Bc4 35. Bxc4 Rxc4 36. Qe5 Rc5 37. Qb8+ Kg7 38. Kh3 Rd5 39. f3 Bd4 40. f4 a5 41. g4 h5 42. g5 Rf5 43. Qd6 Be3 44. Qd3 Bxf4 45. Qc3+ Kh7 46. Qd4 Be5 47. Qd3 Rf2 48. Qxg6+ Kxg6 1/2-1/2

[Event "FIDE World Cup O10-B 2024"]
[Site "Batumi"]
[Date "2024.06.25"]
[Round "3.3"]
[White "Ling, Chenxuan"]
[Black "Shen, Houlin"]
[Result "1/2-1/2"]
[ECO "A43"]
[WhiteElo "1868"]
[BlackElo "1583"]
[Annotator "NA RC"]
[PlyCount "122"]
[EventDate "2024.06.23"]
[EventType "swiss"]
[EventCountry "GEO"]
[SourceTitle "playchess.com"]
[Source "ChessBase"]
[SourceQuality "1"]
[TimeControl "5400+30"]

1. d4 Nf6 2. Nf3 c5 3. d5 b5 4. Bg5 Bb7 5. Bxf6 exf6 6. e3 a6 7. a4 b4 8. Bc4 d6 9. e4 Nd7 10. O-O g6 11. Nbd2 Bg7 12. Be2 O-O 13. Nc4 Ne5 14. Nfd2 f5 15. Rb1 Nxc4 16. Bxc4 fxe4 17. Nxe4 f5 18. Ng3 Qh4 19. f4 Bc8 20. Qf3 Bd7 21. b3 Rfe8 22. Ne2 a5 23. g3 Qe7 24. Kg2 Qf7 25. Ng1 Re7 26. Nh3 Bf6 27. Rbe1 Rae8 28. Rxe7 Qxe7 29. Nf2 Kg7 30. Nd3 Bc3 31. Nc1 Qf6 32. Ne2 Bd4 33. Nxd4 Qxd4 34. Rd1 Qb2 35. Rd2 Re1 36. Re2 Rc1 37. Re7+ Kf6 38. Rxd7 Rxc2+ 39. Kg1 Qa1+ 40. Bf1 Qd4+ 41. Kh1 Qd2 42. Rxd6+ Kg7 43. Qe2 Qxe2 44. Bxe2 Rxe2 45. Rc6 Rc2 46. Rb6 Kf7 47. Rb7+ Ke8 48. d6 c4 49. bxc4 Rxc4 50. Kg2 Rc6 51. Rb5 Ra6 52. Kf3 Kd7 53. Ke3 Kxd6 54. Kd4 Ke6 55. Kc5 Rd6 56. Rxa5 b3 57. Ra8 b2 58. Rb8 Rd2 59. a5 Rc2+ 60. Kd4 Kd6 61. a6 Kc7 1/2-1/2

[Event "FIDE World Cup O10-B 2024"]
[Site "Batumi"]
[Date "2024.06.25"]
[Round "3.4"]
[White "Zabelin, Platon"]
[Black "Azimov, Yasin"]
[Result "1-0"]
[ECO "D52"]
[WhiteElo "1799"]
[BlackElo "1833"]
[Annotator "NA RC"]
[PlyCount "85"]
[EventDate "2024.06.23"]
[EventType "swiss"]
[EventCountry "GEO"]
[SourceTitle "playchess.com"]
[Source "ChessBase"]
[SourceQuality "1"]
[TimeControl "5400+30"]

1. d4 Nf6 2. c4 e6 3. Nc3 Bb4 4. Qc2 d5 5. cxd5 exd5 6. Bg5 O-O 7. e3 h6 8. Bh4 c6 9. Bd3 Nbd7 10. Nf3 Qa5 11. O-O Re8 12. a3 Bxc3 13. Qxc3 Qxc3 14. bxc3 Ne4 15. c4 dxc4 16. Bxc4 g5 17. Bg3 g4 18. Ne5 Nxe5 19. Bxe5 Nd2 20. Rfc1 Nxc4 21. Rxc4 Be6 22. Rb4 b5 23. e4 Bc4 24. f3 c5 25. Rb2 Rad8 26. Bf6 Rd6 27. Be5 Rd7 28. Bf4 cxd4 29. Bxh6 Rd6 30. Bc1 gxf3 31. gxf3 f5 32. Rg2+ Kf7 33. Bf4 Rg6 34. Rxg6 Kxg6 35. e5 Kf7 36. Kf2 Re6 37. h4 Ra6 38. Bd2 Ke6 39. h5 Kxe5 40. h6 Bg8 41. Rg1 Bh7 42. Rg7 f4 43. Rxh7 1-0

[Event "FIDE World Cup O10-B 2024"]
[Site "Batumi"]
[Date "2024.06.25"]
[Round "3.5"]
[White "Shogdzhiev, Roman"]
[Black "Muhammad Shayan Noushad Ibrahi"]
[Result "1-0"]
[ECO "B15"]
[WhiteElo "2060"]
[BlackElo "1785"]
[Annotator "NA RC"]
[PlyCount "75"]
[EventDate "2024.06.23"]
[EventType "swiss"]
[EventCountry "GEO"]
[SourceTitle "playchess.com"]
[Source "ChessBase"]
[SourceQuality "1"]
[TimeControl "5400+30"]

1. e4 c6 2. d4 d5 3. Nc3 dxe4 4. Nxe4 Nf6 5. Nxf6+ exf6 6. Be3 Bd6 7. Bd3 Be6 8. Ne2 Nd7 9. O-O O-O 10. c4 Re8 11. Nc3 Nf8 12. Qd2 Bb4 13. a3 Bxc3 14. Qxc3 f5 15. Rad1 Ng6 16. Qc1 h6 17. f4 Qf6 18. Rfe1 Rad8 $16 19. Qc2 Re7 20. Qf2 Red7 21. Bf1 Ne7 22. b4 Nc8 23. d5 cxd5 24. Bd4 Qg6 25. c5 a6 26. a4 Ne7 27. b5 axb5 28. axb5 Rc7 29. c6 bxc6 30. Bb6 Rdc8 31. Bxc7 Rxc7 32. b6 Rb7 33. Ba6 Rb8 34. b7 d4 35. Qxd4 Bd5 36. Rd2 Qd6 37. Rde2 c5 38. Qe5 1-0

[Event "FIDE World Cup O10-B 2024"]
[Site "Batumi"]
[Date "2024.06.25"]
[Round "3.6"]
[White "Zhauynbay, Alimzhan"]
[Black "Kazimzade, Mahammad"]
[Result "0-1"]
[ECO "C54"]
[WhiteElo "1903"]
[BlackElo "1594"]
[Annotator "NA RC"]
[PlyCount "152"]
[EventDate "2024.06.23"]
[EventType "swiss"]
[EventCountry "GEO"]
[SourceTitle "playchess.com"]
[Source "ChessBase"]
[SourceQuality "1"]
[TimeControl "5400+30"]

1. e4 e5 2. Nf3 Nc6 3. Bc4 Nf6 4. d3 Bc5 5. c3 d6 6. b4 Bb6 7. a4 a6 8. Nbd2 O-O 9. O-O Ne7 10. Bb3 Ng6 11. h3 {[%emt 0:08:28] C54: Giuoco Piano: 4 c3 Nf6, main lines with 5 d4 and 5 d3.} Ba7 12. a5 c6 13. Re1 Qc7 14. Nf1 d5 15. Ng3 h6 16. Ra2 Bd7 17. Rd2 Rad8 18. Bb2 Rfe8 (18... Qc8 $1 $15 {is more appropriate.} 19. c4 Bxh3 20. Bxe5 (20. gxh3 $2 {loses.} Qxh3 21. c5 Nf4 $19) 20... Nxe5 21. Nxe5 Bd4 22. exd5 Qb8 23. gxh3 (23. dxc6 Bxe5 24. gxh3 Bxg3 $17) 23... Bxe5) 19. Qc2 (19. c4 $11) 19... Nf4 20. d4 $19 (20. Kh2 $17) 20... exd4 21. cxd4 dxe4 22. Nxe4 N6d5 23. Ne5 Bf5 24. Nf6+ gxf6 25. Qxf5 fxe5 26. dxe5 Qc8 27. Qe4 Re6 28. Bd1 h5 29. Kh2 Rg6 30. Bf3 Re8 31. Rc2 Bb8 32. Qd4 Qf5 33. Be4 Qg5 34. g3 Bxe5 35. Bxg6 Nxg6 36. Qd1 Nxb4 37. Rce2 Rd8 38. Qb3 Bxb2 39. Re8+ Rxe8 40. Rxe8+ Kh7 41. Qxb4 Qb5 42. Qd2 Bg7 43. Qa2 Qf5 44. h4 Bd4 45. Kg1 Bc3 46. Rb8 Ne5 47. Rxb7 Bd4 48. Rc7 Qf3 49. Kf1 Kg7 50. Qd2 Qh1+ 51. Ke2 Qe4+ 52. Kf1 Nf3 53. Qa2 Ne5 54. Qd2 Nf3 55. Qa2 Qg6 56. Qe2 Be5 57. Rb7 Qg4 58. Qa2 Qh3+ 59. Ke2 Nd4+ 60. Ke3 Nf5+ 61. Kd2 Nd6 62. Rb3 Qf5 63. Ke1 Ne4 64. Qc2 Bd4 65. f3 Qxa5+ 66. Kf1 Qa1+ 67. Ke2 Nxg3+ 68. Kd3 Bf6 69. Rb4 Qf1+ 70. Ke3 Qe1+ 71. Kd3 Qxb4 72. Qg2 Qxh4 73. f4 Qxf4 74. Qxc6 Qd4+ 75. Kc2 Ne4 76. Qc8 Qc3+ 0-1

[Event "FIDE World Cup O10-B 2024"]
[Site "Batumi"]
[Date "2024.06.25"]
[Round "3.7"]
[White "Rahul Ramakrishnan"]
[Black "AlJamaat, Khaled"]
[Result "1-0"]
[ECO "D48"]
[WhiteElo "1838"]
[BlackElo "1644"]
[Annotator "NA RC"]
[PlyCount "201"]
[EventDate "2024.06.23"]
[EventType "swiss"]
[EventCountry "GEO"]
[SourceTitle "playchess.com"]
[Source "ChessBase"]
[SourceQuality "1"]
[TimeControl "5400+30"]

1. d4 d5 2. c4 dxc4 3. e3 a6 4. Bxc4 Nf6 5. Nc3 e6 6. Nf3 b5 7. Bd3 c5 8. O-O Nbd7 9. b3 Bb7 10. Bb2 Be7 11. Qe2 O-O 12. Rfd1 Qb6 13. Rac1 Rfd8 14. Bb1 Rac8 15. h3 h6 16. Rc2 cxd4 17. exd4 Nd5 18. Nxd5 Bxd5 19. Qd3 Nf6 20. Re2 Qb7 21. Re3 Bd6 22. g3 Bb8 23. Kh2 Qa8 24. Ba3 Qb7 25. Ne5 Be4 26. Qe2 Bxb1 27. Rxb1 Nd5 28. Qf3 f6 29. Nd3 Qf7 30. Ree1 Nc3 31. Rbc1 Nd5 32. Nc5 Rc6 33. b4 e5 34. dxe5 Bxe5 35. Rcd1 Rdd6 36. Rd3 Nc7 37. Rde3 Rd5 38. Rd3 Rcd6 39. Rxd5 Rxd5 40. Qe2 Bc3 41. Rd1 Bd4 42. Rd3 a5 43. Nb3 axb4 44. Bxb4 Bb6 45. Rc3 Rf5 46. Rf3 Re5 47. Qxe5 fxe5 48. Rxf7 Kxf7 49. Kg2 g6 50. Bd2 h5 51. Kf3 Nd5 52. Ke2 Ke6 53. f3 Nf6 54. Bg5 Nd5 55. Bd2 Nf6 56. Be3 Bxe3 57. Kxe3 Nd5+ 58. Kd2 Kd6 59. a3 Nb6 60. Kc3 Nd5+ 61. Kd3 Nb6 62. Nd2 Kd5 63. Kc3 Kc6 64. Ne4 Nd5+ 65. Kd3 Nb6 66. Kc3 Nd5+ 67. Kb3 Nc7 68. Nc3 Kc5 69. Ne4+ Kb6 70. h4 Ne6 71. Kc3 Nc7 72. Nf6 Kc5 73. Nd7+ Kd6 74. Nf8 Nd5+ 75. Kd3 Ne7 76. g4 hxg4 77. fxg4 Kd5 78. Nd7 Kd6 79. Nf6 Ke6 80. Ne4 Kd5 81. Nc3+ Kc5 82. Ke4 Kc4 83. Nd1 Nc6 84. h5 gxh5 85. gxh5 Ne7 86. Kxe5 Kb3 87. h6 Ng6+ 88. Kf6 Nf8 89. Kg7 Ne6+ 90. Kg8 Ng5 91. Nf2 Kxa3 92. Nh3 Ne4 93. Kg7 Nd6 94. h7 Nf5+ 95. Kf6 Nd4 96. h8=Q b4 97. Qa8+ Kb2 98. Ke5 Nc2 99. Nf4 b3 100. Nd3+ Kb1 101. Qh1+ 1-0

[Event "FIDE World Cup O10-B 2024"]
[Site "Batumi"]
[Date "2024.06.25"]
[Round "3.8"]
[White "Kvaratskhelia, Giorgi"]
[Black "Lazarev, Egor"]
[Result "0-1"]
[ECO "B12"]
[WhiteElo "1548"]
[BlackElo "1683"]
[Annotator "NA RC"]
[PlyCount "112"]
[EventDate "2024.06.23"]
[EventType "swiss"]
[EventCountry "GEO"]
[SourceTitle "playchess.com"]
[Source "ChessBase"]
[SourceQuality "1"]
[TimeControl "5400+30"]

1. e4 c6 2. d4 d5 3. e5 c5 4. c3 Nc6 5. Nf3 cxd4 6. cxd4 Bg4 7. Bb5 e6 8. Qa4 Qb6 9. Nbd2 a6 10. Bxc6+ bxc6 11. O-O Qb5 12. Qxb5 cxb5 13. Nb3 Bxf3 14. gxf3 Ne7 15. Be3 Nc6 16. Rac1 Kd7 17. Bd2 Be7 18. Ba5 Rab8 19. Rxc6 Kxc6 20. Rc1+ Kd7 21. Rc7+ Ke8 22. Nc5 Bd8 23. Nxa6 Bxc7 24. Nxc7+ Kd7 25. Na6 Ra8 26. Nc5+ Kc6 27. b4 Ra7 28. Kf1 Rha8 29. Nb3 Rxa5 30. Nxa5+ Rxa5 31. bxa5 b4 32. Ke2 Kb5 33. Kd3 Kxa5 34. Kc2 Ka4 35. Kb2 g5 36. f4 g4 37. Kb1 Ka3 38. Ka1 b3 39. axb3 Kxb3 40. Kb1 Kc3 41. Kc1 Kxd4 42. Kd2 Ke4 43. Ke2 Kxf4 44. Kd2 Kxe5 45. Ke3 d4+ 46. Kd3 Kd5 47. Kd2 Ke4 48. Ke2 d3+ 49. Kd2 Kd4 50. Kd1 e5 51. h4 gxh3 52. f4 h2 53. fxe5 h1=Q+ 54. Kd2 Qg2+ 55. Kd1 Qe2+ 56. Kc1 Qc2# 0-1

[Event "FIDE World Cup O10-B 2024"]
[Site "Batumi"]
[Date "2024.06.25"]
[Round "3.9"]
[White "Bergmann, Rafael Antonio"]
[Black "Akramov, Khusan"]
[Result "0-1"]
[ECO "B36"]
[WhiteElo "1743"]
[BlackElo "1477"]
[Annotator "NA RC"]
[PlyCount "102"]
[EventDate "2024.06.23"]
[EventType "swiss"]
[EventCountry "GEO"]
[SourceTitle "playchess.com"]
[Source "ChessBase"]
[SourceQuality "1"]
[TimeControl "5400+30"]

1. e4 c5 2. Nf3 g6 3. d4 cxd4 4. Nxd4 Nc6 5. c4 Nf6 6. Nc3 Nxd4 7. Qxd4 d6 8. Be2 Bg7 9. Be3 O-O 10. Qd1 a5 11. O-O Bd7 12. f3 Bc6 13. Kh1 Nd7 14. Qd2 a4 15. a3 Nc5 16. Bd1 Qa5 17. Bd4 Rfc8 18. Bxg7 Kxg7 19. Qd4+ f6 20. Nd5 e5 21. Qe3 Bxd5 22. cxd5 Qb5 23. Qe2 Qxe2 24. Bxe2 Nb3 25. Rad1 Rc2 26. Rfe1 Rxb2 27. Rb1 Ra2 28. Bc4 Rxa3 29. Re3 Rc8 30. Bxb3 axb3 31. h3 b5 32. Rexb3 Rxb3 33. Rxb3 Rb8 34. Kg1 Kf7 35. Kf2 Ke7 36. Ke3 Kd7 37. Kd3 Kc7 38. Rb2 Kb6 39. Kc3 Rc8+ 40. Kb3 f5 41. Re2 Rc4 42. g4 f4 43. Re1 Kc5 44. Rd1 b4 45. Kb2 Rc3 46. Rc1 Rxc1 47. Kxc1 Kc4 48. Kb2 b3 49. g5 Kb4 50. Kb1 Kc3 51. Kc1 Kd3 0-1

[Event "FIDE World Cup O10-B 2024"]
[Site "Batumi"]
[Date "2024.06.25"]
[Round "3.10"]
[White "Jibladze, Nikoloz"]
[Black "Makhsatuly, Rakhim"]
[Result "1-0"]
[ECO "B41"]
[WhiteElo "1612"]
[BlackElo "1630"]
[Annotator "NA RC"]
[PlyCount "69"]
[EventDate "2024.06.23"]
[EventType "swiss"]
[EventCountry "GEO"]
[SourceTitle "playchess.com"]
[Source "ChessBase"]
[SourceQuality "1"]
[TimeControl "5400+30"]

1. e4 c5 2. Nf3 a6 3. c4 Nc6 4. d4 cxd4 5. Nxd4 e6 6. Nc3 Qc7 7. Be3 Nf6 8. Be2 Bb4 9. Qc2 Qe5 10. Nxc6 bxc6 11. O-O Bxc3 12. bxc3 Qxe4 13. Bd3 Qe5 14. Bd4 Qc7 15. h3 c5 16. Be3 Bb7 17. Rab1 d5 18. Bxc5 dxc4 19. Qa4+ Bc6 20. Qxc4 Bb5 21. Rxb5 axb5 22. Qb4 O-O-O 23. Bxb5 Rd5 24. Be3 Nd7 25. c4 Rd6 26. c5 Rd5 27. c6 Nb8 28. Rb1 Kd8 29. Qc4 Ke7 30. Bf4 Qb6 31. Be3 Qc7 32. Ba4 Qc8 33. Rb7+ Kf6 34. Qh4+ Kg6 35. Bc2+ 1-0

[Event "FIDE World Cup O10-B 2024"]
[Site "Batumi"]
[Date "2024.06.25"]
[Round "3.11"]
[White "Popov, Aleksandr And"]
[Black "Karthik, Anand T."]
[Result "0-1"]
[ECO "A31"]
[WhiteElo "1661"]
[BlackElo "2022"]
[Annotator "NA RC"]
[PlyCount "148"]
[EventDate "2024.06.23"]
[EventType "swiss"]
[EventCountry "GEO"]
[SourceTitle "playchess.com"]
[Source "ChessBase"]
[SourceQuality "1"]
[TimeControl "5400+30"]

1. e4 c5 2. Nf3 e6 3. d4 cxd4 4. Nxd4 a6 5. c4 Qc7 6. Nc3 d6 7. Be2 Nf6 8. Be3 Nbd7 9. O-O b6 10. Rc1 Bb7 11. f3 Be7 12. Qd2 O-O 13. Rfd1 Rac8 14. Kh1 {[%emt 0:07:12] A31: Symmetrical English: 2 Nf3 Nf6 3 d4.} Qb8 15. b3 Bd8 16. Nc2 Bc7 17. Bg1 Rfd8 18. Ne3 Ne5 19. Qe1 Ng6 20. Rd2 Bc6 (20... Re8 $11) 21. a4 h5 22. h4 Nd7 23. b4 Nde5 24. b5 axb5 25. axb5 Bb7 $16 26. Bf2 Nd7 27. Rcd1 Nc5 28. Na2 Ne5 29. Nb4 g6 30. Nd3 Ned7 31. Nxc5 Nxc5 32. Bg3 f6 33. Ra2 e5 34. Bf2 Rf8 35. Bg1 Kh7 36. Qg3 Rf7 37. Qh3 Rcf8 38. g4 Bc8 39. Rda1 hxg4 40. fxg4 Bb7 41. Bf3 Nb3 42. Rb1 Nc5 43. h5 g5 44. Qg2 Qc8 45. Nf5 Qe6 46. Qc2 Bb8 47. Rd1 Rc8 48. Bxc5 Rxc5 49. Ra4 Rf8 50. Qe2 Rfc8 51. Ne3 Bc7 52. Ra7 Rb8 53. Rc1 Qc8 54. Nf5 Ra8 55. Qa2 Qb8 56. Rxa8 Bxa8 57. Rd1 Bb7 58. Kg1 Bc8 59. Ne7 Be6 60. Nd5 Bd8 61. Ne3 Qc7 62. Rc1 Rxb5 63. Nd5 Qc5+ 64. Kg2 Ra5 65. Qe2 Ra4 66. Rc2 Bc8 67. Qf1 Qd4 68. Qe2 Ba6 69. Ne3 Qc5 70. Kg3 Ra3 71. Nf5 Bc7 72. Qf1 d5 73. Qe1 Bxc4 74. exd5 e4+ 0-1